 Dungeon Crawl Stone Soup version 0.29.0-15-g675c0067aa (webtiles) character file.

Game seed: 8594759485400025919

46 Doot the Grave Robber (level 3, 0/21 HPs)
             Began as an Octopode Necromancer on Sept 11, 2022.
             Slain by a quokka (4 damage)
             ... on level 3 of the Dungeon.
             The game lasted 00:01:46 (1744 turns).

Doot the Grave Robber (Octopode Necromancer)        Turns: 1744, Time: 00:01:46

Health: 0/21       AC:  1    Str:  7    XL:     3   Next: 68%
Magic:  5/6        EV: 13    Int: 19    God:
Gold:   101        SH:  0    Dex: 12    Spells: 5/6 levels left

rFire   . . .      SeeInvis .   c - +0 hand axe
rCold   . . .      Faith    .   (no shield)
rNeg    . . .      Spirit   .   (helmet restricted)
rPois   .          Reflect  .   (no amulet)
rElec   .          Harm     .   (no ring)
rCorr   .          Rampage  .   (no ring)
Will    .....                   (no ring)
Stlth   +++.......              (no ring)
HPRegen 0.07/turn               (no ring)
MPRegen 0.10/turn               (no ring)
                                (no ring)
                                (no ring)

@: no status effects
A: almost no armour, amphibious, 8 rings, camouflage 1, gelatinous body 1,
(nimble swimmer 1), tentacles
a: no special abilities


You were on level 3 of the Dungeon.
You visited 1 branch of the dungeon, and saw 3 of its levels.

You collected 101 gold pieces.

Inventory:

Hand Weapons
 c - a +0 hand axe (weapon)
Jewellery
 h - a ring of positive energy
 j - a ring of willpower
Scrolls
 b - a scroll of noise {unknown}
 d - 3 scrolls of identify {unknown}
 e - 3 scrolls of teleportation {unknown}
 f - a scroll of magic mapping {unknown}
 g - a scroll of immolation {unknown}
 i - a scroll of fear {unknown}
 k - a scroll of butterflies {unknown}
 l - 2 scrolls of enchant weapon {unknown}
Potions
 a - a potion of magic
 m - a potion of curing
 n - a potion of heal wounds {unknown}
 o - a potion of flight {unknown}


   Skills:
 + Level 2.0 Dodging
 + Level 2.7 Stealth
 + Level 0.1 Unarmed Combat
 + Level 2.3 Spellcasting
 + Level 5.0 Necromancy


You had 5 spell levels left.
You knew the following spells:

 Your Spells              Type           Power      Damage    Failure   Level
a - Necrotise             Necr           84%        1d8       1%          1

Your spell library contained the following spells:

 Spells                   Type           Power      Damage    Failure   Level
 Vampiric Draining        Necr           21%        2d7       6%          3
 Animate Dead             Necr           21%        N/A       21%         4
 Agony                    Necr           21%        N/A       50%         5


Dungeon Overview and Level Annotations

Branches:
Dungeon (3/15)

Altars:

Shops:
D:2 *=

Annotations:
D:3 Ijyb


Innate Abilities, Weirdness & Mutations

You cannot wear most types of armour.
You are amphibious.
You can wear up to eight rings at the same time.
Your skin changes colour to match your surroundings (Stealth+).
Your rubbery body absorbs attacks. (AC +1, EV +1)
((You are camouflaged when in or above water. (Stealth+)))
You have tentacles for arms and can constrict up to eight enemies at once.


Message History

You feel clever. x2
You start resting.
Ijyb the Twisted Goblin comes into view.
She is wielding a +0 dagger and carrying a wand of mindburst (9).
Your orc skeleton closely misses Ijyb.
Ijyb is nearby!
Unknown command.
What are your orders? t - Shout!
Orders for allies: a - Attack new target. r - Retreat! s - Stop attacking. g - Guard the area. f - Follow me.
Anything else - Cancel.
Gang up on whom?
Press: ? - help, Dir - move target, f - Ijyb
Aim: Ijyb, wielding a +0 dagger, wearing a +0 leather armour and carrying a wand of mindburst (9) (ally target) Attack!
Ijyb completely misses your orc skeleton.
Unknown command.
Your orc skeleton barely misses Ijyb.
A quokka comes into view.
Ijyb completely misses your orc skeleton.
Your orc skeleton barely misses Ijyb.
Ijyb hits your orc skeleton with a +0 dagger.
Something bites your orc skeleton.
Your orc skeleton misses Ijyb.
Ijyb hits your orc skeleton with a +0 dagger.
Your orc skeleton is destroyed!
The quokka attacks as you move away! The quokka bites you.
The quokka bites you.
Found 8 stones.
The quokka attacks as you move away! The quokka misses you.
The quokka attacks as you move away! The quokka bites you.
You see here 8 stones.
The quokka barely misses you. The quokka bites you.
The quokka attacks as you move away! The quokka closely misses you.
The quokka attacks as you move away! The quokka closely misses you.
The quokka bites you.
* * * LOW HITPOINT WARNING * * *
The quokka attacks as you move away! The quokka bites you.
You die...

#.# ########.# ##.
#........# ..###########
#........### ## ...........#
#........... .#
#..........###........# .#
.#..........##.........#
.##(#...........@r..g....(#
...
#...........#########.#.##..
..###..........#
#####...........
...##....<.....#
#..g..##.#......
.#.##..........#
#.######.#...#..
...#####....######.#
#.#..... #........####
##..)# #.....#.#
##...##########..### #...##.
# ##.#.#
##......########....# .#


You could see Ijyb and a quokka.

Vanquished Creatures
  An orc wizard (D:3)
  An orc (D:3)
  3 endoplasms
  2 giant cockroaches (D:1)
  A goblin (D:1)
  3 hobgoblins
  2 jackals (D:1)
  A quokka (D:1)
  2 ball pythons
  A bat (D:1)
  A frilled lizard (D:3)
  A rat (D:1)
19 creatures vanquished.

Notes
Turn   | Place    | Note
-------+----------+-------------------------------------------
     0 | D:1      | Doot the Octopode Necromancer began the quest for the Orb.
     0 | D:1      | Reached XP level 1. HP: 11/11 MP: 3/3
   290 | D:1      | Found a faded altar of an unknown god.
   407 | D:1      | Reached XP level 2. HP: 17/17 MP: 0/5
  1036 | D:2      | Found Birchaank's Assorted Antiques.
  1121 | D:2      | Found Fenuesopn's Jewellery Shop.
  1708 | D:3      | Reached skill level 5 in Necromancy
  1708 | D:3      | Reached XP level 3. HP: 19/21 MP: 1/6
  1712 | D:3      | Noticed Ijyb
  1744 | D:3      | Slain by a quokka

Illustrated notes

Levels and vault maps discovered:
D:1:      erik_arrival_blinker_ship, layout_basic,
          shapermc_ecumenical_altar_flowoftime, grunt_decor_mini_mirrors
D:2:      layout_loops_corners, serial_shops, nicolae_shop_hallway_stairs, shop,
          nicolae_lakefront_shop
D:3:      layout_rooms, lemuel_coloured_pillars_altar, uniq_ijyb

Skill      XL: |  1  2 |
---------------+-------+-----
Necromancy     | 5 |  5.0
Dodging        | |  2.0
Stealth        | |  2.7
Unarmed Combat | |  0.1
Spellcasting   | |  2.3

Action                   || total
-------------------------++-------
Melee: Unarmed           ||     6
       Constrict         ||     6
       Hand axe          ||    15
       Tentacles         ||     3
       Punch             ||     1
 Cast: Necrotise         ||    30
  Use: Potion            ||     1
Armor: Skin              ||     1
Dodge: Dodged            ||    13
